 Dungeon Crawl Stone Soup version 0.29.1-15-g9cfb28693d (webtiles) character file.

Game seed: 16851322357817708709

36 Peloso the Covered (level 3, -1/33 HPs)
             Began as a Minotaur Fighter on Mar 23, 2023.
             Slain by a goblin
             ... wielding a +0 dagger
             ... led by Robin
              (5 damage)
             ... on level 2 of the Dungeon.
             The game lasted 00:02:06 (1091 turns).

Peloso the Covered (Minotaur Fighter)               Turns: 1091, Time: 00:02:07

Health: -1/33      AC:  7    Str: 20    XL:     3   Next: 19%
Magic:  2/2        EV:  9    Int:  5    God:
Gold:   46         SH:  4    Dex: 11    Spells: 2/2 levels left

rFire   . . .      SeeInvis .   a - +0 long sword
rCold   . . .      Faith    .   c - +0 buckler
rNeg    . . .      Spirit   .   b - +0 scale mail
rPois   .          Reflect  .   (helmet restricted)
rElec   .          Harm     .   (no cloak)
rCorr   .          Rampage  .   (no gloves)
Will    .....                   (no boots)
Stlth   ..........              (no amulet)
HPRegen 0.11/turn               (no ring)
MPRegen 0.08/turn               (no ring)

@: no status effects
A: horns 2, retaliatory headbutt
a: no special abilities


You were on level 2 of the Dungeon.
You visited 1 branch of the dungeon, and saw 2 of its levels.

You collected 46 gold pieces.

Inventory:

Hand Weapons
 a - a +0 long sword (weapon)
Armour
 b - a +0 scale mail (worn)
 c - a +0 buckler (worn)
Scrolls
 e - 2 scrolls of fear
 j - a scroll of enchant weapon
 l - a scroll of teleportation
Potions
 d - a potion of might


   Skills:
 + Level 4.0 Fighting
 + Level 3.0 Long Blades
 + Level 4.2 Armour
 + Level 0.2 Dodging
 + Level 0.1 Stealth
 + Level 4.0 Shields


You had 2 spell levels left.
You didn't know any spells.
Your spell library contained the following spells:

 Spells                   Type           Power      Damage    Failure   Level
 Animate Dead             Necr           0%         N/A       100%        4
 Haunt                    Necr/Summ      0%         N/A       100%        7
 Infestation              Necr           0%         N/A       100%        8


Dungeon Overview and Level Annotations

Branches:
Dungeon (2/15)

Altars:

Annotations:
D:2 Robin


Innate Abilities, Weirdness & Mutations

You have a pair of horns on your head.
You reflexively headbutt those who attack you in melee.


Message History

The sling bullet hits Robin.
You block the goblin's attack. Robin hits you but does no damage.
You closely miss Robin.
Robin is moderately wounded.
The goblin shoots a sling bullet.
The sling bullet hits you but does no damage.
The goblin hits you but does no damage. Robin hits you but does no damage.
Unknown command.
You hit Robin but do no damage.
Robin is moderately wounded.
The goblin shoots a sling bullet.
The sling bullet hits you but does no damage.
Robin hits you but does no damage.
The goblin hits you with a +0 dagger of holy wrath.
Unknown command.
You closely miss Robin.
Robin is moderately wounded.
Robin hits you with a +0 club.
* * * LOW HITPOINT WARNING * * *
The goblin hits you but does no damage.
The goblin unwields a +4 sling.
The goblin wields a +0 dagger.
The goblin barely misses you. Robin hits you but does no damage.
The goblin hits you but does no damage.
Found a stone staircase leading down.
Robin throws the goblin at you! The goblin barely misses you.
The goblin attacks as you move away! You block the goblin's attack.
The goblin unwields a +0 dagger.
The goblin wields a +4 sling.
The goblin shoots a sling bullet.
The sling bullet barely misses you. Robin throws the goblin at you!
The goblin hits you with a +0 dagger of holy wrath.
* * * LOW HITPOINT WARNING * * *
You closely miss the goblin.
The goblin hits you with a +0 dagger of holy wrath.
* * * LOW HITPOINT WARNING * * *
The goblin unwields a +4 sling.
The goblin wields a +0 dagger.
You block the goblin's attack.
Unknown command.
Okay, then.
The goblin attacks as you move away! The goblin hits you but does no damage.
Robin throws the goblin at you! The goblin hits you with a +0 dagger.
You die...

# ##. ## ### ##
#.# .##....
#.##.# .[..>..
#.#.###.......
#...gg# .#
##..@.###.###
#.g........
#)#....#.## ##
####.#......##.


gg# ##....#..)...... ..g. #..#######....#. !ggg ###†....#....#......#
#...##..#.##...)....# #.#####.#.#########.# You could see Robin and 2 goblins.

Vanquished Creatures
  A dart slug (D:1)
  6 ball pythons
  An endoplasm (D:1)
  8 goblins (D:2)
  8 hobgoblins
  3 kobolds
  2 bats
  A frilled lizard (D:1)
  A rat (D:2)
31 creatures vanquished.

Notes
Turn   | Place    | Note
-------+----------+-------------------------------------------
     0 | D:1      | Peloso the Minotaur Fighter began the quest for the Orb.
     0 | D:1      | Reached XP level 1. HP: 19/19 MP: 0/0
     9 | D:1      | Noticed a minotaur zombie
    13 | D:1      | Noticed a minotaur zombie
   353 | D:1      | Reached XP level 2. HP: 27/27 MP: 1/1
  1046 | D:2      | Reached XP level 3. HP: 33/33 MP: 2/2
  1052 | D:2      | Noticed Robin
  1091 | D:2      | Slain by a goblin

Illustrated notes

Levels and vault maps discovered:
D:1:      shiori_arrival_whats_in_store_for_you, layout_basic
D:2:      kennysheep_the_goblin_king, layout_loops_ring, minmay_heptomino_w4,
          uniq_robin

Skill      XL: |  1  2  3 |
---------------+----------+-----
Armour         | 4 |  4.2
Shields        | 4 |  4.0
Fighting       | 4 |  4.0
Long Blades    | 3 |  3.0
Dodging        | |  0.2
Stealth        | |  0.1

Action                   || total
-------------------------++-------
Melee: Long sword        ||    76
       Headbutt          ||     9
  Use: Scroll            ||     5
       Potion            ||     3
Armor: Scale mail        ||    44
Dodge: Dodged            ||    47
Block: Buckler           ||    22
